 Dungeon Sprint DCSS version 0.23-a0-151-gf6d1ed2 (webtiles) character file.

1291 Kidiri the Basher (level 8, -1/92 HPs)
             Began as a Troll Berserker on Sept 8, 2018.
             Was an Elder of Trog.
             Slain by a troll (7 damage)
             ... in the Dungeon (Sprint IX: "|||||||||||||||||||||||||||||").
             The game lasted 00:03:40 (431 turns).

Kidiri the Basher (Troll Berserker)                  Turns: 431, Time: 00:03:41

Health: -1/92      AC:  6    Str: 30    XL:     8   Next: 30%
Magic:  7/7        EV: 14    Int:  3    God:    Trog [****..]
Gold:   0          SH:  0    Dex: 10    Spells: 7/7 levels left

rFire    . . .     SeeInvis .   q - +2 dire flail (crush)
rCold    . . .     Gourm    +   (shield currently unavailable)
rNeg     . . .     Faith    .   b - +0 animal skin
rPois    .         Spirit   .   (helmet restricted)
rElec    .         Reflect  .   p - +0 cloak
rCorr    .         Harm     .   (gloves unavailable)
MR       .....     NoTele   +   (boots unavailable)
Stlth    +.........             (no amulet)
HPRegen  0.65/turn              n - +3 ring of strength
MPRegen  0.10/turn              o - +2 ring of evasion

@: berserk cooldown, very slightly contaminated, invisible
A: large, unfitting armour, claws 3, fast metabolism 3, gourmand, regeneration
1, shaggy fur 1, tough skin 2
a: Berserk, Trog's Hand, Brothers in Arms, Renounce Religion


You were in the Dungeon.
You worshipped Trog.
Trog was greatly pleased with you.
You were not hungry.

You visited 1 branch

Inventory:

Hand Weapons
 q - a +2 dire flail of crushing (weapon)
Armour
 b - a +0 animal skin (worn)
 p - a +0 cloak (worn)
Jewellery
 n - a +3 ring of strength (left claw)
 o - a +2 ring of evasion (right claw)
Wands
 m - a wand of acid (10)
Scrolls
 i - 2 scrolls of blinking
 l - 3 scrolls of remove curse
Potions
 g - 4 potions of magic
 h - a potion of berserk rage
Comestibles
 c - 2 rations


   Skills:
 * Level 9.3 Fighting
 * Level 10.2 Maces & Flails
 + Level 6.1 Armour
 + Level 6.9 Dodging


You had 7 spell levels left.
You didn't know any spells.
Your spell library was empty.

Dungeon Overview and Level Annotations

Branches:
Dungeon (1/1)

Altars:
Cheibriados
Dithmenos
Elyvilon
Fedhas
Gozag
Hepliaklqana
Kikubaaqudgha
Makhleb
Nemelex Xobeh
Okawaru
Qazlal
Ru
Sif Muna
Trog
Uskayaw
Vehumet
Wu Jian
Xom
Yredelemnul
Zin
The Shining One
Beogh
Jiyva
Lugonu


Innate Abilities, Weirdness & Mutations

You are too large for most types of armour.
You have claws for hands.
Your metabolism is lightning-fast.
You like to eat raw meat.
Your natural rate of healing is unusually fast.
You are covered in fur. (AC +1)
You have very tough skin. (AC +2)


Message History

* * * LOW HITPOINT WARNING * * *
You closely miss the troll.
The troll is lightly wounded.
You closely miss the troll.
The troll is lightly wounded.
The troll completely misses you. The troll closely misses you.
The troll claws you!
* * * LOW HITPOINT WARNING * * *
You impale the troll!!
The troll is almost dead.
The troll closely misses you. x2; The troll misses you.
The acid dragon spits acid at the troll.
The splash of acid hits the bat zombie.
The bat zombie is splashed with acid.
The acid corrodes the bat zombie!
The bat zombie is destroyed!
Your ogre goes berserk!
You feel quite a bit more hungry. Trog will no longer gift you weapons.
The troll bites you!
You die... ▓▓▓▓▓▓▓▓▓▓▓▓▓▓▓▓▓▓▓▓▓▓▓▓▓▓▓▓▓▓▓▓ ▓<..('(..).'...@TODc____________ ▓▓▓▓▓▓▓▓▓▓▓▓▓▓▓▓▓▓▓▓▓▓▓▓▓▓▓▓▓▓▓▓

You could see a centaur warrior, a troll, an acid dragon and a friendly ogre (berserk).

Vanquished Creatures
  An unseen horror (D)
  A troll (D)
  A vampire (D)
  A sky beast (D)
  An ice beast (D)
  A centaur (D)
  A crimson imp (D)
  3 hounds (D)
  An orc wizard (D)
  A shadow imp (D)
  A leopard gecko (D)
  A bat zombie (D)
  A giant cockroach (D)
  A kobold (D)
  2 bats (D)
18 creatures vanquished.

Vanquished Creatures (others)
  A bat zombie (D)
1 creature vanquished.

Grand Total: 19 creatures vanquished

Notes
Turn   | Place    | Note
-------+----------+-------------------------------------------
     0 | D        | Kidiri the Troll Berserker began the quest for the Orb.
     0 | D        | Reached XP level 1. HP: 22/22 MP: 0/0
    10 | D        | Reached skill level 3 in Maces & Flails
    14 | D        | Reached ** piety under Trog
   142 | D        | Noticed a hound
   142 | D        | Noticed a hound
   142 | D        | Noticed an orc wizard
   147 | D        | Killed an orc wizard
   147 | D        | Reached *** piety under Trog
   147 | D        | Reached skill level 4 in Maces & Flails
   147 | D        | Reached skill level 1 in Armour
   147 | D        | Reached XP level 2. HP: 32/32 MP: 1/1
   147 | D        | Reached XP level 3. HP: 39/39 MP: 2/2
   160 | D        | Reached skill level 5 in Maces & Flails
   160 | D        | Reached XP level 4. HP: 49/49 MP: 3/3
   164 | D        | Reached **** piety under Trog
   164 | D        | Reached skill level 5 in Fighting
   177 | D        | Found a roughly hewn altar of Beogh.
   177 | D        | Found a snail-covered altar of Cheibriados.
   177 | D        | Found a shadowy altar of Dithmenos.
   177 | D        | Found a white marble altar of Elyvilon.
   177 | D        | Found a blossoming altar of Fedhas.
   177 | D        | Found an opulent altar of Gozag.
   178 | D        | Found a hazy altar of Hepliaklqana.
   179 | D        | Found a viscous altar of Jiyva.
   180 | D        | Found an ancient bone altar of Kikubaaqudgha.
   181 | D        | Found a corrupted altar of Lugonu.
   182 | D        | Found a burning altar of Makhleb.
   183 | D        | Found a sparkling altar of Nemelex Xobeh.
   184 | D        | Found an iron altar of Okawaru.
   185 | D        | Found a stormy altar of Qazlal.
   186 | D        | Found a sacrificial altar of Ru.
   187 | D        | Found a deep blue altar of Sif Muna.
   188 | D        | Found a bloodstained altar of Trog.
   189 | D        | Found a hide-covered altar of Uskayaw.
   190 | D        | Found a radiant altar of Vehumet.
   191 | D        | Found an ornate altar of the Wu Jian Council.
   192 | D        | Found a shimmering altar of Xom.
   193 | D        | Found a basalt altar of Yredelemnul.
   194 | D        | Found a glowing silver altar of Zin.
   195 | D        | Found a glowing golden altar of the Shining One.
   242 | D        | Noticed a sky beast
   242 | D        | Noticed an ice beast
   242 | D        | Noticed a centaur
   248 | D        | Killed an unseen horror
   248 | D        | Reached skill level 8 in Maces & Flails
   248 | D        | Reached skill level 5 in Armour
   248 | D        | Reached skill level 5 in Dodging
   248 | D        | Reached XP level 5. HP: 48/63 MP: 4/4
   248 | D        | Reached XP level 6. HP: 55/72 MP: 5/5
   248 | D        | Reached XP level 7. HP: 61/80 MP: 6/6
   257 | D        | Reached skill level 9 in Maces & Flails
   264 | D        | Reached ***** piety under Trog
   344 | D        | Noticed a vampire
   344 | D        | Noticed a troll
   344 | D        | Noticed a troll
   344 | D        | Noticed a centaur warrior
   361 | D        | HP: 3/81 [something (8)]
   395 | D        | Killed a vampire
   395 | D        | Received a gift from Trog
   395 | D        | Reached XP level 8. HP: 19/92 MP: 7/7
   426 | D        | Killed a troll
   426 | D        | Reached skill level 10 in Maces & Flails
   431 | D        | Slain by a troll

Vault maps used:
D:        linesprint

Skill      XL: |  1  2  3  4  5  6  7  8 |
---------------+-------------------------+-----
Maces & Flails | 4 5 8 9 10 | 10.2
Fighting       | 3 4 8 9 |  9.3
Armour         | 1 2 5 6 |  6.1
Dodging        | 3 5 6 |  6.9

Action                   |  1- 3 |  4- 6 |  7- 9 || total
-------------------------+-------+-------+-------++-------
Melee: Mace              |    33 |     4 |       ||    37
       Dire flail        |       |     5 |    35 ||    40
Invok: Berserk           |     1 |     1 |     2 ||     4
       Brothers in Arms  |       |       |     1 ||     1
  Use: Potion            |       |       |    10 ||    10
 Stab: Invisible         |       |       |     1 ||     1
  Eat: Chunk             |       |       |     7 ||     7
Armor: Animal skin       |    15 |     4 |    13 ||    32
Dodge: Dodged            |    21 |     2 |    32 ||    55

Table legend:
 A = Non-vault XP
 B = Vault XP
 C = Vault XP percentage of total XP
 D = Non-vault monster count
 E = Vault monster count
 F = Vault count percentage of total count
                 A         B        C        D         E       F
            +---------+---------+-------+---------+---------+-------
      Total |       0 |    1845 | 100.0 |       0 |      18 | 100.0
            +---------+---------+-------+---------+---------+-------
          D |       0 |    1845 | 100.0 |       0 |      18 | 100.0
            +---------+---------+-------+---------+---------+-------
